 Dungeon Crawl Stone Soup version 0.30.1-11-g7821555f0a (webtiles) character file.

Game seed: 1147405477776846449

1311 caec the Changer (level 8, -8/54 HPs)
             Began as a Purple Draconian Transmuter on Jan 3, 2024.
             Was a Follower of Hepliaklqana.
             Mangled by a sleepcap (16 damage)
             ... on level 6 of the Dungeon.
             The game lasted 00:19:16 (5130 turns).

caec the Changer (Purple Draconian Transmuter)      Turns: 5130, Time: 00:19:16

Health: -8/54      AC:  2    Str: 14    XL:     8   Next: 32%
Magic:  9/16       EV:  5    Int: 16    God:    Hepliaklqana [*.....]
Gold:   528        SH:  0    Dex: 27    Spells: 11/18 levels left

rFire   . .          .
                       - Unarmed
rCold   . . .        (shield currently unavailable)
rNeg    . . .        (body armour unavailable)
rPois   x            (helmet currently unavailable)
rElec   .            (cloak currently unavailable)
rCorr   .            (gloves currently unavailable)
SInv    .            (boots currently unavailable)
Will    +....        b - amulet of reflection
Stlth   ++           d - +6 ring of dexterity
HPRegen 0.29/turn    q - ring of flight
MPRegen 0.15/turn

%: reflection
@: spider-form, sleeping, wereblooded, flying
A: venomous fangs, reduced essence, (breathe power), AC +6, tiny, unfitting
armour, (cold-blooded), agile 1, clever 1, screaming 1, strong 1
a: End Transformation, Renounce Religion, Recall Ancestor, Ancestor Identity


You were on level 6 of the Dungeon.
You worshipped Hepliaklqana.
Hepliaklqana was aware of your devotion.
You were a venomous arachnid creature.
You visited 2 branches of the dungeon, and saw 7 of its levels.

You collected 1078 gold pieces.
You spent 550 gold pieces at shops.

Inventory:

Missiles
 h - 3 poisoned darts (quivered)
Jewellery
 b - an amulet of reflection (around neck)
 d - a +6 ring of dexterity (left front pincers)
 q - a ring of flight (right front pincers)
Scrolls
 c - 2 scrolls of fear
 e - a scroll of teleportation {unknown}
 f - a scroll of noise {unknown}
 g - a scroll of torment
 i - 2 scrolls of silence
 j - a scroll of enchant weapon
 l - a scroll of immolation {unknown}
 m - 3 scrolls of fog
 s - 2 scrolls of poison
Potions
 a - 2 potions of lignification
 k - 2 potions of cancellation
 n - a potion of invisibility
 o - 2 potions of ambrosia
 p - 3 potions of flight
 r - 2 potions of heal wounds
 t - 2 potions of curing


   Skills:
 + Level 1.9 Fighting
 + Level 0.8 Throwing
 + Level 3.6 Dodging
 - Level 0.1 Stealth
 + Level 5.9 Unarmed Combat
 + Level 5.5 Spellcasting
 * Level 6.3 Transmutations
 + Level 0.9 Poison Magic


You had 11 spell levels left.
You knew the following spells:

 Your Spells              Type           Power      Damage    Failure   Level
a - Beastly Appendage     Tmut           48%        N/A       5%          1
b - Wereblood             Tmut           24%        N/A       7%          2
c - Spider Form           Tmut/Pois      16%        N/A       24%         3
d - Slow                  Hex            16%        N/A       32%         1

Your spell library contained the following spells:

 Spells                   Type           Power      Damage    Failure   Level
 Passwall                 Tmut/Erth      11%        N/A       17%         2
 Sandblast                Erth           8%         2d5       32%         1
 Scorch                   Fire           8%         2d5       43%         2
 Blade Hands              Tmut           12%        N/A       52%         5
 Ice Form                 Ice/Tmut       14%        N/A       58%         4
 Confusing Touch          Hex            4%         N/A       61%         3
 Tukima's Dance           Hex            4%         N/A       61%         3
 Portal Projectile        Hex/Tloc       8%         N/A       63%         3
 Stone Arrow              Conj/Erth      8%         3d7       63%         3
 Vampiric Draining        Necr           4%         2d6       63%         3
 Yara's Violent Unravell  Hex/Tmut       7%         3d5       88%         5
 Flame Wave               Conj/Fire      4%         2d5       93%         4
 Passage of Golubria      Tloc           4%         N/A       93%         4
 Summon Cactus Giant      Summ           2%         N/A       100%        6


Dungeon Overview and Level Annotations

Branches:
Dungeon (6/15)             Temple (1/1) D:4

Altars:
Dithmenos
Elyvilon
Fedhas
Gozag
Hepliaklqana
Kikubaaqudgha
Makhleb
Nemelex Xobeh
Okawaru
Qazlal
Sif Muna
Uskayaw
Vehumet
Wu Jian
Xom
Yredelemnul
Zin
The Shining One

Shops:
D:1 =   D:5 :


Innate Abilities, Weirdness & Mutations

You are a venomous arachnid creature.
You have venomous fangs.
You are tiny and dextrous.
Your spellcasting is less reliable in this form.
Your armour is entirely melded.
You are incapable of wielding weapons or throwing items.
Your life essence is reduced to manifest your ancestor. (-10% HP)
((You can breathe bolts of dispelling energy.))
((Your rich purple scales are hard. (AC +6)))
You cannot fit into any form of body armour.
((You are cold-blooded and may be slowed by cold attacks.))
You are agile. (Dex +4, Str/Int -1)
Your mind is acute. (Int +4, Str/Dex -1)
You occasionally shout uncontrollably at your foes.
Your muscles are strong. (Str +4, Int/Dex -1)


Message History

Confirm with . or Enter, or press ? or * to list all spells.
You extend your transformation's duration.
The bullfrog closely misses you.
The ogre hits you with a +0 giant club!!
* * * LOW HITPOINT WARNING * * *
You block the bullfrog's attack.
You bite the ogre!
The ogre is moderately wounded.
The bullfrog completely misses you. The ogre closely misses you.
You bite the ogre!
The ogre looks as sick as possible!
The ogre is severely wounded.
The bullfrog completely misses you. The bullfrog misses you.
You closely miss the bullfrog.
The bullfrog is almost dead.
You hiss as the wereblood boils in your veins!
The bullfrog swells and bulges.
The bullfrog hits you.
* * * LOW HITPOINT WARNING * * *
A sleepcap comes into view.
The ogre completely misses you.
You bite the ogre!
You feel a bit better.
You kill the ogre!
The bullfrog looks more healthy.
The bullfrog hits you.
* * * LOW HITPOINT WARNING * * *
You bite the bullfrog!
You feel a bit better.
You kill the bullfrog!
You hit the sleepcap but do no damage.
The sleepcap is poisoned.
The sleepcap closely misses you.
You hit the sleepcap.
The sleepcap is moderately damaged.
The sleepcap releases spores at you.
* * * LOW HITPOINT WARNING * * *
You are engulfed in a cloud of soporific spores!
You fall asleep.
The sleepcap releases spores at you but does no damage.
You hiss as the wereblood boils in your veins!
The sleepcap completely misses you. The sleepcap releases spores at you!
You die...

#........#.........#
#........#.........#
#........##.###'####
#####.......#.###....#
#...#.......#........#
#...#.).....#........+
#...#..##...##.##....#
..##...#f)#
...#.####+##
.......'s.#
..#..#....#
.......#..##
##..#.(..#
..##...#...#
#...#....# #...#...##
#...'....# #...#....#
#####....#
#...#....#### #..[.#
#...#.....#.# #....#
#...#.......# #...)#
#.......######.))#


You could see a sleepcap (very poisoned).

Vanquished Creatures
  4 ogres
  A phantom (D:5)
  A bullfrog (D:6)
  3 scorpions
  A vampire bat (D:3)
  A howler monkey (D:5)
  A jelly (D:5)
  A crimson imp (D:4)
  2 hounds (D:4)
  2 orc priests (D:5)
  An iguana (D:5)
  A gnoll bouda (D:6)
  2 sleepcaps
  3 orc wizards (D:5)
  4 adders
  4 gnolls (D:6)
  2 ufetubi (D:5)
  A worm (D:5)
  2 dart slugs
  19 orcs
  9 ball pythons
  5 endoplasms
  4 giant cockroaches
  5 goblins
  7 hobgoblins
  2 quokkas
  15 bats
  A frilled lizard (D:2)
  2 hobgoblin zombies (D:4)
  6 kobolds
  A kobold skeleton (D:4)
  A kobold zombie (D:4)
  2 orc zombies (D:4)
  2 rats
118 creatures vanquished.

Vanquished Creatures (others)
  2 ancestors (D:6)
2 creatures vanquished.

Grand Total: 120 creatures vanquished

Notes
Turn   | Place    | Note
-------+----------+-------------------------------------------
     0 | D:1      | caec the Draconian Transmuter began the quest for the Orb.
     0 | D:1      | Reached XP level 1. HP: 16/16 MP: 3/3
   269 | D:1      | Reached XP level 2. HP: 23/23 MP: 3/5
   272 | D:1      | Learned a level 2 spell: Wereblood
   465 | D:1      | Found Zohakh's Jewellery Shop.
  1044 | D:2      | Reached XP level 3. HP: 28/28 MP: 4/6
  1958 | D:3      | Reached skill level 3 in Transmutations
  2005 | D:3      | Reached XP level 4. HP: 32/35 MP: 5/7
  2272 | D:3      | Found a basalt altar of Yredelemnul.
  2632 | D:3      | Learned a level 3 spell: Spider Form
  2703 | D:4      | Reached XP level 5. HP: 36/40 MP: 6/9
  2747 | D:4      | Noticed an ogre
  2756 | D:4      | Killed an ogre
  2757 | D:4      | Reached skill level 4 in Transmutations
  2904 | D:4      | Found a glowing golden altar of the Shining One.
  2920 | D:4      | Reached XP level 6. HP: 31/47 MP: 8/10
  3099 | D:4      | Noticed a water elemental
  3101 | D:4      | Found a stormy altar of Qazlal.
  3102 | D:4      | Noticed an air elemental
  3102 | D:4      | Noticed a fire elemental
  3177 | D:4      | Found a staircase to the Ecumenical Temple.
  3209 | Temple   | Entered the Ecumenical Temple
  3456 | Temple   | Became a worshipper of Hepliaklqana the Forgotten
  3777 | D:5      | Entered Level 5 of the Dungeon
  4116 | D:5      | Your scales start taking on a rich purple colour.
  4116 | D:5      | Reached XP level 7. HP: 39/52 MP: 11/13
  4196 | D:5      | Reached skill level 5 in Transmutations
  4198 | D:5      | Reached skill level 5 in Unarmed Combat
  4293 | D:5      | Found a radiant altar of Vehumet.
  4659 | D:5      | Reached skill level 5 in Spellcasting
  4659 | D:5      | Reached XP level 8. HP: 61/61 MP: 6/15
  4722 | D:5      | Gained mutation: Your mind is acute. (Int +4, Str/Dex -1)
                  | [potion of mutation]
  4722 | D:5      | Gained mutation: You occasionally shout uncontrollably at
                  | your foes. [potion of mutation]
  4722 | D:5      | Gained mutation: Your muscles are strong. (Str +4, Int/Dex
                  | -1) [potion of mutation]
  4722 | D:5      | Gained mutation: You are agile. (Dex +4, Str/Int -1)
                  | [potion of mutation]
  4747 | D:5      | Found Ciqess's Book Shop.
  4828 | D:5      | Identified a scroll of acquirement
  4829 | D:5      | Acquired 840 gold pieces
  4878 | D:5      | Bought a book of Debilitation for 220 gold pieces
  4878 | D:5      | Bought Great Wizards, Vol. VII for 330 gold pieces
  4880 | D:5      | Learned a level 1 spell: Slow
  4999 | D:6      | Reached * piety under Hepliaklqana
  5038 | D:6      | Reached skill level 6 in Transmutations
  5130 | D:6      | Mangled by a sleepcap

Illustrated notes

Levels and vault maps discovered:
D:1:      dpeg_arrival_refuge, layout_basic, serial_shops, shop
D:2:      layout_basic
D:3:      layout_basic, mainiacjoe_overflow_surrounded_room, roderic_batcave,
          grunt_decor_mini_mirrors, chequers_decorated_corner
D:4:      layout_loops_cross, nicolae_tso_besieged_by_evil,
          nicolae_qazlal_style_of_elements, minmay_temple_entry_hall
D:5:      layout_basic, lemuel_tele_altar, kennysheep_small_square
D:6:      layout_gridville, chequers_serial_rivers_micro_c, hellmonk_no_cap
Temple:   dpeg_chambers_temple

Skill      XL: |  1  2  3  4  5  6  7  8 |
---------------+-------------------------+-----
Dodging        | 2 3 |  3.6
Transmutations | 3 4 5 6 |  6.3
Unarmed Combat | 4 5 |  5.9
Spellcasting   | 3 4 5 |  5.5
Fighting       | |  1.9
Throwing       | |  0.8
Stealth        | |  0.1
Poison Magic   | |  0.9

Action                     |  1- 3 |  4- 6 |  7- 9 || total
---------------------------+-------+-------+-------++-------
  Melee: Unarmed           |    71 |   131 |    98 ||   300
         Kick              |    20 |    37 |     5 ||    62
         Headbutt          |    11 |    16 |     4 ||    31
         Tailslap          |    10 |    14 |     2 ||    26
         Punch             |     1 |     4 |     1 ||     6
  Throw: Dart              |     4 |     5 |     2 ||    11
   Cast: Beastly Appendage |    28 |    21 |     2 ||    51
         Wereblood         |     1 |    10 |    11 ||    22
         Spider Form       |       |       |    12 ||    12
         Slow              |       |       |     1 ||     1
    Use: Scroll            |     4 |     5 |     6 ||    15
         Potion            |       |     2 |     1 ||     3
   Stab: Sleeping          |     3 |     3 |       ||     6
 Armour: Skin              |    21 |    97 |     6 ||   124
  Dodge: Dodged            |    32 |    84 |    64 ||   180
  Block: Other             |    14 |    51 |    13 ||    78
         Reflection        |     1 |       |       ||     1
